 Dungeon Crawl Stone Soup version 0.29.1-15-g9cfb28693d (webtiles) character file.

Game seed: 12372554390136068635

58 Madmarshman the Chopper (level 3, 0/33 HPs)
             Began as a Minotaur Berserker on Apr 7, 2023.
             Was a Follower of Trog.
             Killed from afar by Natasha (6 damage)
             ... with a magic dart
             ... on level 2 of the Dungeon.
             The game lasted 00:08:40 (988 turns).

Madmarshman the Chopper (Minotaur Berserker)         Turns: 988, Time: 00:08:40

Health: 0/33       AC:  2    Str: 23    XL:     3   Next: 75%
Magic:  2/2        EV: 12    Int:  4    God:    Trog [*.....]
Gold:   60         SH:  0    Dex:  9    Spells: 2/2 levels left

rFire   . . .      SeeInvis .   f - +0 war axe
rCold   . . .      Faith    .   (no shield)
rNeg    . . .      Spirit   .   b - +0 animal skin
rPois   .          Reflect  .   (helmet restricted)
rElec   .          Harm     .   (no cloak)
rCorr   .          Rampage  .   (no gloves)
Will    .....                   (no boots)
Stlth   +.........              (no amulet)
HPRegen 0.11/turn               (no ring)
MPRegen 0.08/turn               (no ring)

@: no status effects
A: horns 2, retaliatory headbutt
a: Renounce Religion, Berserk


You were on level 2 of the Dungeon.
You worshipped Trog.
Trog was aware of your devotion.
You visited 1 branch of the dungeon, and saw 2 of its levels.

You collected 60 gold pieces.

Inventory:

Hand Weapons
 a - a +0 hand axe
 f - a +0 war axe (weapon)
Missiles
 d - 24 stones (quivered)
Armour
 b - a +0 animal skin (worn)
Scrolls
 e - a scroll of summoning {unknown}
 h - a scroll of teleportation {unknown}
Potions
 c - a potion of heal wounds {unknown}
 g - a potion of brilliance {unknown}


   Skills:
 + Level 4.1 Fighting
 * Level 4.6 Axes
 + Level 3.1 Armour
 + Level 2.7 Dodging


You had 2 spell levels left.
You didn't know any spells.
Your spell library was empty.

Dungeon Overview and Level Annotations

Branches:
Dungeon (2/15)

Altars:

Shops:
D:1 :

Annotations:
D:2 Natasha


Innate Abilities, Weirdness & Mutations

You have a pair of horns on your head.
You reflexively headbutt those who attack you in melee.


Message History

You feel a strong urge to attack something.
You start resting.
You are no longer berserk.
You are exhausted.
You feel yourself slow down.
You start resting.
You feel yourself speed up.
You start resting.
You recover from your berserk rage.
You start resting.
HP restored.
You start waiting.
Natasha, Servant of Life and Death comes into view.
Natasha hisses angrily.
An endoplasm comes into view.
Natasha casts a spell at you. The magic dart hits you!
You see here a worm corpse.
You miss Natasha. Natasha claws you!
You miss Natasha. Natasha claws you but does no damage.
You closely miss Natasha. Natasha casts a spell at you.
The magic dart hits you.
Natasha howls an incantation.
Natasha glows brightly for a moment.
Natasha claws you!
* * * LOW HITPOINT WARNING * * *
You slash Natasha!
Natasha is severely wounded.
You hit the endoplasm.
You kill the endoplasm!
Trog accepts your kill. Natasha barely misses you.
You hit Natasha but do no damage. Your headbutt misses Natasha.
Natasha is severely wounded.
Natasha mumbles some strange words.
Natasha glows brightly for a moment.
Natasha casts a spell at you. The magic dart hits you.
You die...

..........#
.∩..8..∩..∩#
...........#
...........#
..♣..8....?.#####
.................
.............#
.....∩..∩..∩.#
......h@.#### .#
###..###.# ###.#
#####
#...†...##....#
#.... #....###...#
##....
#..#...#.#######
#...<. #..
###.........###.###.
...
#....######..##.###.
## #.### ##........
# ##.†.....


You could see Natasha.

Vanquished Creatures
  Natasha (D:2)
  A worm (D:2)
  2 dart slugs
  4 endoplasms
  3 giant cockroaches
  4 jackals (D:1)
  2 ball pythons
  5 bats
  A frilled lizard (D:1)
  A goblin (D:1)
  A kobold (D:1)
  3 rats
28 creatures vanquished.

Notes
Turn   | Place    | Note
-------+----------+-------------------------------------------
     0 | D:1      | Madmarshman the Minotaur Berserker began the quest for the
                  | Orb.
     0 | D:1      | Reached XP level 1. HP: 19/19 MP: 0/0
    59 | D:1      | Found Zytuhu's Book Emporium.
   314 | D:1      | Reached XP level 2. HP: 27/27 MP: 1/1
   851 | D:2      | Reached XP level 3. HP: 33/33 MP: 2/2
   852 | D:2      | Noticed Natasha
   902 | D:2      | Killed Natasha
   978 | D:2      | Noticed Natasha
   988 | D:2      | Killed from afar by Natasha

Illustrated notes

Levels and vault maps discovered:
D:1:      dpeg_arrival_erosion, layout_rooms, serial_shops, shop
D:2:      layout_rooms, basic_altar, hellmonk_ecumenical_altar_arch_garden,
          uniq_sigmund, uniq_natasha, uniq_robin

Skill      XL: |  1  2  3 |
---------------+----------+-----
Axes           | 4 |  4.6
Fighting       | 4 |  4.1
Armour         | 3 |  3.1
Dodging        | |  2.7

Action                   || total
-------------------------++-------
Melee: Hand axe          ||    28
       War axe           ||    22
       Headbutt          ||     4
Throw: Stone             ||     6
Invok: Berserk           ||     2
Armor: Animal skin       ||     9
Dodge: Dodged            ||    28
